 Dungeon Crawl Stone Soup version 0.30-a0-1035-g38d5fb2972 (webtiles) character file.

Game seed: 4890725434319593441

341 cheesebisquit the Ducker (level 6, -4/47 HPs)
             Began as a Merfolk Hexslinger on Apr 8, 2023.
             Slain by an ogre
             ... wielding a +0 giant club
              (14 damage)
             ... on level 5 of the Dungeon.
             The game lasted 00:24:09 (6737 turns).

cheesebisquit the Ducker (Merfolk Hexslinger)       Turns: 6737, Time: 00:24:10

Health: -4/47      AC:  6    Str: 10    XL:     6   Next: 56%
Magic:  10/10      EV: 14    Int: 14    God:
Gold:   219        SH:  0    Dex: 15    Spells: 2/10 levels left

rFire   . . .      SeeInvis .    a - +1 sling
rCold   . . .      Faith    .    (no shield)
rNeg    . . .      Spirit   .    c - +0 robe
rPois   .          Reflect  .    o - +0 helmet
rElec   .          Rampage  .    n - +2 cloak
rCorr   .                        (no gloves)
Will    .....                    (no boots)
Stlth   +                        (no amulet)
HPRegen 0.27/turn                (no ring)
MPRegen 0.12/turn                (no ring)

@: no status effects
A: (nimble swimmer 2), mertail
a: no special abilities


You were on level 5 of the Dungeon.
You visited 1 branch of the dungeon, and saw 5 of its levels.

You collected 219 gold pieces.

Inventory:

Hand Weapons
 a - a +1 sling (weapon)
 e - a +0 spectral quarterstaff
 k - a +0 halberd
 q - a +0 broad axe
 y - a +0 dagger of pain
Missiles
 f - 5 poisoned darts (quivered)
 h - 3 atropa-tipped darts
Armour
 c - a +0 robe (worn)
 n - a +2 cloak (worn)
 o - a +0 helmet (worn)
Jewellery
 m - a ring of flight
Wands
 C - a wand of iceblast (1)
 E - a wand of digging (5)
Scrolls
 b - 2 scrolls of poison
 d - a scroll of brand weapon {unknown}
 i - a scroll of enchant armour {unknown}
 p - 2 scrolls of amnesia
 r - a scroll of fog {unknown}
 w - a scroll of teleportation {unknown}
 x - a scroll of blinking
 z - a scroll of noise {unknown}
 A - a scroll of enchant weapon {unknown}
 B - a scroll of vulnerability {unknown}
 D - a scroll of magic mapping {unknown}
Potions
 l - a potion of attraction
 t - a potion of ambrosia {unknown}
 u - a potion of cancellation {unknown}


   Skills:
 + Level 3.4 Fighting
 + Level 1.5 Short Blades
 - Level 1.5 Ranged Weapons
 + Level 4.9 Dodging
 + Level 2.9 Spellcasting
 + Level 4.3 Hexes


You had 2 spell levels left.
You knew the following spells:

 Your Spells              Type           Power      Damage    Failure   Level
a - Slow                  Hex            56%        N/A       3%          1
b - Cause Fear            Hex            7%         N/A       36%         4
c - Inner Flame           Hex/Fire       8%         N/A       26%         3

Your spell library contained the following spells:

 Spells                   Type           Power      Damage    Failure   Level
 Portal Projectile        Hex/Tloc       16%        N/A       26%         3


Dungeon Overview and Level Annotations

Branches:
Dungeon (5/15)
 Temple: D:4-7

Altars:

Shops:
D:2 =   D:4 (

Annotations:
D:4 Grinder


Innate Abilities, Weirdness & Mutations

((You are very nimble when in or above water. (Stealth+, EV+, Speed+++)))
Your lower body shifts to a powerful aquatic tail in water.


Message History

The ogre resists with some effort.
a - a +1 sling (weapon)
You shoot a sling bullet. The sling bullet hits the ogre.
The ogre is moderately wounded.
You shoot a sling bullet. The sling bullet hits the ogre!
The ogre is heavily wounded.
You throw an atropa-tipped dart. The atropa-tipped dart hits the ogre.
The ogre resists.
The ogre is heavily wounded.
You throw an atropa-tipped dart.
The atropa-tipped dart barely misses the ogre.
You throw an atropa-tipped dart. The atropa-tipped dart hits the ogre.
The ogre resists.
The ogre is heavily wounded.
The ogre closely misses you.
You throw an atropa-tipped dart. The atropa-tipped dart hits the ogre.
The ogre appears confused.
The ogre is heavily wounded.
You throw a throwing net.
The throwing net completely misses the ogre.
The ogre seems less confused.
The ogre barely misses you.
You throw a poisoned dart.
The poisoned dart closely misses the ogre.
The ogre barely misses you.
You throw a poisoned dart. The poisoned dart hits the ogre.
The ogre is poisoned.
The ogre is heavily wounded.
You throw a poisoned dart. The poisoned dart hits the ogre.
The ogre looks even sicker.
The ogre is heavily wounded.
The ogre is no longer blind.
The ogre barely misses you.
You throw a poisoned dart. The poisoned dart hits the ogre.
The ogre is heavily wounded.
The ogre hits you with a +0 giant club!!
Ouch! That really hurt!
* * * LOW HITPOINT WARNING * * *
You shoot a sling bullet. The sling bullet hits the ogre!
The ogre is almost dead.
The ogre hits you with a +0 giant club!
You die...

....####.##.#
.......(..##.#
..........##.#
..........##.#######
....................
.......(#.##<#
.##.....#.##.#
.......O.....#
##....@#..#.#
...#......#..#.#
..........#..#.########
.#.......###............
........# #..#.########
#.#....# #..#.# #......#
#..#.# ..#......#
#..#.######
..#......###...........


You could see an ogre (very poisoned).

Vanquished Creatures
  2 scorpions
  A hound (D:5)
  A sleepcap (D:5)
  Robin (D:4)
  5 gnolls
  4 adders
  A worm (D:2)
  A dart slug (D:1)
  5 orcs (D:4)
  6 bats
  5 endoplasms
  4 giant cockroaches
  5 goblins
  6 hobgoblins
  7 jackals
  2 quokkas
  8 ball pythons
  3 kobolds
  3 rats
70 creatures vanquished.

Notes
Turn   | Place    | Note
-------+----------+-------------------------------------------
     0 | D:1      | cheesebisquit the Merfolk Hexslinger began the quest for
                  | the Orb.
     0 | D:1      | Reached XP level 1. HP: 15/15 MP: 2/2
   356 | D:1      | Reached XP level 2. HP: 21/21 MP: 1/3
  1390 | D:2      | Reached XP level 3. HP: 27/27 MP: 2/5
  1488 | D:2      | Found Ykhuled's Jewellery Shop.
  2342 | D:3      | Reached XP level 4. HP: 31/33 MP: 4/6
  2387 | D:3      | Noticed a scorpion
  2680 | D:3      | Found a faded altar of an unknown god.
  2894 | D:3      | Killed a scorpion
  2895 | D:3      | Reached XP level 5. HP: 15/39 MP: 0/8
  3533 | D:4      | Noticed Robin
  3654 | D:4      | Killed Robin
  3778 | D:4      | HP: 2/40 [gnoll/+0 flail (3)]
  3894 | D:3      | Found a faded altar of an unknown god.
  4611 | D:2      | Learned a level 4 spell: Cause Fear
  4615 | D:2      | Learned a level 3 spell: Inner Flame
  4792 | D:4      | Found Joyniw's Antique Weapon Shop.
  5260 | D:4      | Noticed Grinder
  5274 | D:4      | Paralysed by Grinder for 2 turns
  5383 | D:4      | Reached skill level 1 in Short Blades
  5383 | D:4      | Reached XP level 6. HP: 45/47 MP: 7/10
  6031 | D:5      | Entered Level 5 of the Dungeon
  6737 | D:5      | Slain by an ogre

Illustrated notes

Levels and vault maps discovered:
D:1:      psy_arrival_radial02, layout_loops_corners
D:2:      layout_rooms, serial_shops, nicolae_shop_advertising_works
          [nicolae_subvault_shop_adworks], st_stairs_12
D:3:      layout_basic, hellmonk_ecumenical_altar_blasted
D:4:      layout_basic, nicolae_inconvenience_store, hex_large, uniq_robin,
          uniq_grinder
D:5:      layout_basic, minmay_temple_entry_fiery, minmay_misc_feat_roman,
          uniq_duvessa, uniq_menkaure

Skill      XL: |  1  2  3  4  5 |
---------------+----------------+-----
Dodging        | 3 4 |  4.9
Fighting       | 2 3 |  3.4
Spellcasting   | 2 |  2.9
Hexes          | 4 |  4.3
Short Blades   | 1 |  1.5
Ranged Weapons | |  1.5

Action                     |  1- 3 |  4- 6 || total
---------------------------+-------+-------++-------
  Melee: Dagger            |       |   222 ||   222
         Punch             |       |     4 ||     4
         Unarmed           |       |     1 ||     1
   Fire: Sling             |   121 |   140 ||   261
  Throw: Dart              |       |     9 ||     9
         Throwing net      |       |     2 ||     2
   Cast: Slow              |    59 |   124 ||   183
  Evoke: Wand              |       |     1 ||     1
    Use: Potion            |       |     7 ||     7
         Scroll            |       |     4 ||     4
 Armour: Robe              |    16 |    70 ||    86
         Skin              |       |     1 ||     1
  Dodge: Dodged            |    45 |   231 ||   276

Table legend: (Time is in decaauts)
 A = Elapsed time spent in this place.
 B = Non-inter-level travel time spent in this place.
 C = Inter-level travel time spent in this place.
 D = Time resting spent in this place.
 E = Time spent auto-exploring this place.
 F = Levels seen in this place.
 G = Mean time per level.
                   A        B        C        D        E       F      G
               +--------+--------+--------+--------+--------+-----+--------+
         Total |   6816 |   6264 |    552 |     91 |   4973 |   5 | 1363.2 |
       Dungeon |   6816 |   6264 |    552 |     91 |   4973 |   5 | 1363.2 |
               +--------+--------+--------+--------+--------+-----+--------+

Top non-repeatable levels by time:
     D:3: 2069 daAuts
     D:4: 1872 daAuts
     D:1: 1437 daAuts
     D:2: 1106 daAuts
     D:5: 330 daAuts
